 Dungeon Crawl Stone Soup version 0.32-a0-918-g0f22ef8d61 (webtiles) character file.

Game seed: 8590459871910311556

139 innerfire43 the Trooper (level 5, -5/43 HPs)
             Began as a Demonspawn Monk on Apr 10, 2024.
             Slain by a gnoll bouda
             ... wielding a +0 whip
              (11 damage)
             ... on level 3 of the Dungeon.
             The game lasted 00:03:01 (2440 turns).

innerfire43 the Trooper (Demonspawn Monk)           Turns: 2440, Time: 00:03:02

Health: -5/43      AC:  3    Str: 13    XL:     5   Next: 1%
Magic:  5/5        EV: 17    Int: 11    God:
Gold:   140        SH:  0    Dex: 15    Spells: 4/4 levels left

rFire   + + .        k - +5 spear of Voxox {freeze, rPois rF+ rC+ rN+}
rCold   + . .        d - orb {light}
rNeg    + . .        b - +0 robe
rPois   +            (helmet restricted)
rElec   .            (no cloak)
rCorr   .            (no gloves)
SInv    .            (no boots)
Will    .....        (no amulet)
Stlth   +            i - ring of protection from fire
HPRegen 0.27/turn    m - +5 ring of evasion
MPRegen 0.09/turn

%: no passive effects
@: confused, ambrosia-drunk, weakened
A: antennae 1, rugged brown scales 1, foul shadow 1
a: no special abilities


You were on level 3 of the Dungeon.
You visited 1 branch of the dungeon, and saw 3 of its levels.

You collected 140 gold pieces.

Inventory:

Hand Weapons
 a - a +0 hand axe
 e - a +0 whip of electrocution
 k - the +5 spear of Voxox (weapon) {freeze, rPois rF+ rC+ rN+}
   (You found it on level 3 of the Dungeon)

   rF+:       It protects you from fire.
   rC+:       It protects you from cold.
   rPois:     It protects you from poison.
   rN+:       It protects you from negative energy.
Armour
 b - a +0 robe (worn)
 d - an orb of light (worn)
 j - a +0 helmet
Jewellery
 i - a ring of protection from fire (left hand)
 m - a +5 ring of evasion (right hand)
 n - a ring of positive energy
Wands
 o - a wand of light (3)
Scrolls
 f - 4 scrolls of identify {unknown}
 g - a scroll of teleportation {unknown}
 l - a scroll of silence {unknown}
 p - a scroll of noise {unknown}
Potions
 h - a potion of haste {unknown}


   Skills:
 + Level 3.8 Fighting
 - Level 2.9(3.3) Axes
 - Level 1.8(2.6) Maces & Flails
 * Level 1.2(2.2) Polearms
 * Level 1.3 Armour
 - Level 3.2 Dodging


You had 4 spell levels left.
You didn't know any spells.
Your spell library contained the following spells:

 Spells                   Type           Power      Damage    Failure   Level
 Magic Dart               Conj           0%         1d3       34%         1
 Searing Ray              Conj           0%         2d4       47%         2
 Fulminant Prism          Conj/Alch      0%         3d5       98%         4


Dungeon Overview and Level Annotations

Branches:
Dungeon (3/15)

Altars:

Annotations:
D:3 1 transporter, EvilEddieB's ghost, amateur DsNe


Innate Abilities, Weirdness & Mutations

You have a pair of small antennae on your head.
You are partially covered in rugged brown scales. (AC +1, +3% HP)
You are faintly shadowed, very rarely releasing foul flame when damaged in melee.


Message History

The gnoll bouda is moderately wounded.
The gnoll sergeant barely misses you.
The gnoll bouda barks out a call to the hunt!
The gnolls pick up the pace!
You hit the gnoll bouda. You freeze the gnoll bouda.
The gnoll bouda is heavily wounded.
The gnoll misses you. The gnoll sergeant closely misses you.
The gnoll bouda closely misses you.
You barely miss the gnoll bouda.
The gnoll bouda is heavily wounded.
The gnoll completely misses you.
The gnoll sergeant hits you from afar with a +0 spear of venom.
The gnoll bouda zaps a wand.
Your mind is blasted!
The gnoll shouts!
You are too injured to fight recklessly!
You are too injured to fight recklessly!
You are too injured to fight recklessly!
You are too injured to fight recklessly!
Unknown command.
You are confused.
You feel invigorated. The gnoll misses you.
The gnoll sergeant hits you from afar with a +0 spear of venom.
The gnoll bouda barks out a call to the hunt!
The gnolls pick up the pace!
The gnoll hits you from afar with a +0 halberd!
* * * LOW HITPOINT WARNING * * *
The gnoll sergeant closely misses you.
The gnoll bouda gazes fiercely through you!
You feel your attacks grow feeble. The gnoll bouda closely misses you.
There is a fountain of clear blue water here.
You bump into the granite statue.
The gnoll barely misses you.
The gnoll sergeant hits you from afar with a +0 spear of venom.
* * * LOW HITPOINT WARNING * * *
The gnoll bouda misses you.
You bump into the granite statue.
The gnoll misses you.
The gnoll sergeant hits you from afar with a +0 spear of venom!
* * * LOW HITPOINT WARNING * * *
The gnoll bouda hits you with a +0 whip!
You die...

.###.≈≈≈≈≈≈≈≈≈≈≈...≈≈≈≈≈≈≈≈≈≈≈.#
.# #.≈≈≈≈≈≈≈≈≈≈≈...≈≈≈≈≈≈≈≈≈≈≈.#
.# #.≈≈#####...........#####≈≈.#
.# #.≈≈#.ß.#.###.©.###.#gß.#≈≈.#
.# #.≈≈#...###.#####.###...#≈≈.##
.# #.≈≈###......ggg...gg.###≈≈.[.
.# #.≈≈.ß#.######g###'##.#ß.≈≈..#
.###.≈≈.##.#. #ßg.#...#.##.≈≈.##
.....~~.#..' #@©.....'..#.~~.##
...#.≈≈.##g #ß..#...#.##.≈≈...
..##.≈≈.ß#.######g###'##.#ß.≈≈..#
.###.≈≈###.............?.###≈≈..#
.# #.≈≈#...###©#####g###...#≈≈..#
.# #.≈≈#gß.#.###.©.###.#.ß.#≈≈...
+###.≈≈#####...........#####≈≈.##
..##.≈≈≈≈≈≈≈≈≈≈≈≈~≈≈≈≈≈≈≈≈≈≈≈≈.##
...#.≈≈≈≈≈≈≈≈≈≈≈≈~≈≈≈≈≈≈≈≈≈≈≈≈.#.


You could see a gnoll sergeant (swift), a gnoll bouda and 3 gnolls.

Vanquished Creatures
  A bombardier beetle (D:3)
  3 adders
  4 dart slugs
  2 ribbon worms (D:2)
  4 orcs (D:3)
  4 ball pythons
  4 endoplasms
  3 giant cockroaches (D:2)
  9 goblins
  3 hobgoblins
  5 jackals
  5 bats
  A frilled lizard (D:1)
  7 kobolds
  5 rats
60 creatures vanquished.

Notes
Turn   | Place    | Note
-------+----------+-------------------------------------------
     0 | D:1      | innerfire43 the Demonspawn Monk began the quest for the
                  | Orb.
     0 | D:1      | Reached XP level 1. HP: 18/18 MP: 1/1
   247 | D:1      | Gained mutation: You are faintly shadowed, very rarely
                  | releasing foul flame when damaged in melee. [demonic
                  | ancestry]
   247 | D:1      | Reached XP level 2. HP: 18/24 MP: 2/2
   576 | D:1      | Found a faded altar of an unknown god.
   866 | D:2      | Reached skill level 1 in Maces & Flails
   866 | D:2      | Reached XP level 3. HP: 29/29 MP: 3/3
  1524 | D:2      | Gained mutation: You are partially covered in rugged brown
                  | scales. (AC +1, +3% HP) [demonic ancestry]
  1524 | D:2      | Reached XP level 4. HP: 29/37 MP: 4/4
  1634 | D:3      | Identified the +5 spear of Voxox {freeze, rPois rF+ rC+
                  | rN+}
  1950 | D:3      | Found a transporter.
  1953 | D:3      | Identified the +4 scale mail of the Farmer {Dex+2 Stlth+}
  1953 | D:3      | Noticed a gnoll sergeant
  1962 | D:3      | Noticed EvilEddieB's ghost (amateur DsNe)
  1989 | D:3      | Reached skill level 1 in Polearms
  1989 | D:3      | Reached skill level 1 in Armour
  1991 | D:3      | Gained mutation: You have a pair of small antennae on your
                  | head. [demonic ancestry]
  1991 | D:3      | Reached XP level 5. HP: 36/43 MP: 5/5
  2169 | D:3      | Found a transporter.
  2440 | D:3      | Slain by a gnoll bouda

Illustrated notes

Levels and vault maps discovered:
D:1:      minmay_arrival_three_doors, layout_loops_cross,
          shapermc_ecumenical_altar_mp_urbaneastern, minmay_statues_item,
          st_stairs_10, amethyst_killhole
D:2:      layout_basic, kennysheep_boxes
D:3:      layout_loops_corners, gammafunk_ghost_gnarly_gnolls

Skill      XL: |  1  2  3  4 |
---------------+-------------+-----
Dodging        | 3 |  3.2
Maces & Flails | 1 |  1.8
Polearms       | 1 |  1.2
Armour         | 1 |  1.3
Fighting       | |  3.8
Axes           | |  2.9

Action                     |  1- 3 |  4- 6 || total
---------------------------+-------+-------++-------
  Melee: Hand axe          |    17 |       ||    17
         Whip              |    69 |    16 ||    85
         Spear             |       |    33 ||    33
    Use: Potion            |       |     1 ||     1
   Stab: Sleeping          |     1 |     1 ||     2
 Armour: Robe              |    47 |    30 ||    77
  Dodge: Dodged            |    56 |    29 ||    85

Table legend: (Time is in decaauts)
 A = Elapsed time spent in this place.
 B = Non-inter-level travel time spent in this place.
 C = Inter-level travel time spent in this place.
 D = Time resting spent in this place.
 E = Time spent auto-exploring this place.
 F = Levels seen in this place.
 G = Mean time per level.
                   A        B        C        D        E       F      G
               +--------+--------+--------+--------+--------+-----+--------+
         Total |   2439 |   2347 |     92 |      0 |   1934 |   3 |  813.0 |
       Dungeon |   2439 |   2347 |     92 |      0 |   1934 |   3 |  813.0 |
               +--------+--------+--------+--------+--------+-----+--------+

Top non-repeatable levels by time:
     D:1: 864 daAuts
     D:3: 842 daAuts
     D:2: 732 daAuts
